 Dungeon Crawl Stone Soup version 0.22.1-6-g1668fe2 (webtiles) character file.

113 DarkinPup the Slasher (level 4, -6/35 HPs)
             Began as a Demonspawn Gladiator on Feb 1, 2019.
             Mangled by Terence
             ... wielding a +3 flail of holy wrath
              (8 damage)
             ... on level 3 of the Dungeon.
             The game lasted 00:02:27 (1741 turns).

DarkinPup the Slasher (Demonspawn Gladiator)        Turns: 1741, Time: 00:02:28

Health: -6/35      AC: 12    Str: 15    XL:     4   Next: 65%
Magic:  4/4        EV: 13    Int:  9    God:
Gold:   161        SH:  0    Dex: 15    Spells: 3/3 levels left

rFire    . . .     SeeInvis .   a - +0 long sword
rCold    + . .     Gourm    .   (no shield)
rNeg     . . .     Faith    .   b - +0 leather armour
rPois    .         Spirit   .   c - +0 helmet
rElec    .         Reflect  .   t - +0 cloak
rCorr    .         Harm     .   m - +0 pair of gloves
MR       .....                  (no boots)
Stlth    +.........             (no amulet)
HPRegen  0.11/turn              j - ring of protection from cold
MPRegen  0.09/turn              k - ring of wizardry

@: sanguine armour
A: claws 1, sanguine armour 1
a: no special abilities


You were on level 3 of the Dungeon.
You were not hungry.

You visited 1 branch of the dungeon, and saw 3 of its levels.

You collected 161 gold pieces.

Inventory:

Hand Weapons
 a - a +0 long sword (weapon)
Missiles
 d - 3 throwing nets (quivered)
Armour
 b - a +0 leather armour (worn)
 c - a +0 helmet (worn)
 m - a +0 pair of gloves (worn)
 t - a +0 cloak (worn)
Jewellery
 j - a ring of protection from cold (left hand)
 k - a ring of wizardry (right hand)
Scrolls
 g - 6 scrolls of identify {unknown}
 h - a scroll of amnesia {unknown}
 l - 2 scrolls of enchant armour {unknown}
 o - 2 scrolls of remove curse {unknown}
 q - 2 scrolls of teleportation {unknown}
 s - a scroll of fear {unknown}
Potions
 e - a potion of lignification {unknown}
 i - a potion of might {unknown}
 n - a potion of agility {unknown}
 p - a potion of resistance {unknown}
Comestibles
 f - 3 rations
 r - 2 chunks of flesh


   Skills:
 * Level 3.0 Fighting
 + Level 3.9 Long Blades
 - Level 1.7 Throwing
 + Level 3.3 Dodging
 * Level 0.4 Unarmed Combat


You had 3 spell levels left.
You didn't know any spells.
Your spell library was empty.

Dungeon Overview and Level Annotations

Branches:
Dungeon (3/15)

Altars:
Fedhas
Gozag

Annotations:
D:3 Terence


Innate Abilities, Weirdness & Mutations

You have sharp fingernails.
When seriously injured, your bleeding wounds create armour. (AC +6)


Message History

The goblin closely misses you.
You riposte.
You closely miss the goblin. Terence closely misses you.
You completely miss Terence.
Terence is heavily wounded.
The goblin hits you but does no damage. Terence hits you but does no damage.
The goblin hits you but does no damage.
You hit Terence.
Terence is severely wounded.
A goblin comes into view. It is wielding a club.
The goblin hits you but does no damage.
Terence hits you with a flail of holy wrath.
* * * LOW HITPOINT WARNING * * *
You convulse.
* * * LOW HITPOINT WARNING * * *
The goblin shouts!
You hit Terence but do no damage.
Terence is severely wounded.
The goblin hits you but does no damage.
Terence hits you with a flail of holy wrath!
You die...

.........#.###...######
.#.#####.#.###...#.....#
.....................#.#
.#.#####.#.####..###...#
.#.# #.### #...##...#
.#.# ##.......# .#.#
#...#..## .#.#
###...#..# .#.#
#..@g....# ) .+
#.#@#...... ....K.......
............##
.............#
.?...........#
#<$........g..
...#.#####...


You could see Terence, 2 goblins and a kobold.

Vanquished Creatures
  5 adders
  2 oozes
  3 worms
  A leopard gecko (D:2)
  3 giant cockroaches
  4 goblins
  8 hobgoblins
  A ball python (D:2)
  5 bats
  7 frilled lizards
  7 kobolds
  10 rats
56 creatures vanquished.

Notes
Turn   | Place    | Note
-------+----------+-------------------------------------------
     0 | D:1      | DarkinPup the Demonspawn Gladiator began the quest for the
                  | Orb.
     0 | D:1      | Reached XP level 1. HP: 16/16 MP: 1/1
   246 | D:1      | Gained mutation: When seriously injured, your bleeding
                  | wounds create armour. (AC +6) [demonic ancestry]
   246 | D:1      | Reached XP level 2. HP: 7/22 MP: 2/2
   875 | D:2      | Reached XP level 3. HP: 26/28 MP: 3/3
  1095 | D:2      | Found a blossoming altar of Fedhas.
  1104 | D:2      | Gained mutation: You have sharp fingernails. [demonic
                  | ancestry]
  1104 | D:2      | Reached XP level 4. HP: 29/34 MP: 4/4
  1477 | D:2      | Found an opulent altar of Gozag.
  1721 | D:3      | Noticed Terence
  1741 | D:3      | Mangled by Terence

Skill      XL: |  1  2  3  4 |
---------------+-------------+-----
Long Blades    | 3 |  3.9
Dodging        | 3 |  3.3
Fighting       | 3 |  3.0
Throwing       | |  1.7
Unarmed Combat | |  0.4

Action                   |  1- 3 |  4- 6 || total
-------------------------+-------+-------++-------
Melee: Long sword        |   136 |    60 ||   196
 Stab: Sleeping          |     1 |     1 ||     2
  Eat: Chunk             |     1 |     2 ||     3
Armor: Leather armour    |    64 |    12 ||    76
Dodge: Dodged            |   121 |    43 ||   164
       Rpst.: Long sword |    34 |    15 ||    49
